 Dungeon Crawl Stone Soup version 0.20-a0-454-g2b43fbb (webtiles) character file.

6610 HarleyQuinn the Basher (level 10, -2/88 HPs)
             Began as a Troll Berserker on Jan 8, 2017.
             Was a High Priest of Trog.
             Slain by a yak (11 damage)
             ... on level 9 of the Dungeon on Jan 9, 2017.
             The game lasted 00:13:43 (8803 turns).

HarleyQuinn the Basher (Troll Berserker)            Turns: 8803, Time: 00:13:44

Health: -2/88      AC:  6    Str: 29    XL:     10   Next: 71%
Magic:  9/9        EV: 10    Int:  4    God:    Trog [*****.]
Gold:   521        SH:  0    Dex:  9    Spells: 9/9 levels left

rFire  + . .     SeeInvis .     G - +1 flail (drain)
rCold  + . .     Gourm    +     b - +0 animal skin
rNeg   . . .     Faith    .     (no shield)
rPois  .         Spirit   .     (helmet restricted)
rElec  .         Reflect  .     s - +0 cloak
rCorr  .         Harm     .     (gloves unavailable)
MR     .....                    (boots unavailable)
Stlth  +.........               (no amulet)
                                R - ring of protection from cold
                                B - ring of protection from fire

@: exhausted
A: unfitting armour, claws 3, fast metabolism 3, gourmand, regeneration 1,
shaggy fur 1, tough skin 2
a: Berserk, Trog's Hand, Brothers in Arms, Burn Spellbooks, Renounce Religion


You were on level 9 of the Dungeon.
You worshipped Trog.
Trog was extremely pleased with you.
You were very full.

You visited 1 branch of the dungeon, and saw 9 of its levels.

You collected 521 gold pieces.

Inventory:

Hand Weapons
 y - a +0 morningstar
 G - a +1 flail of draining (weapon)
 O - a +0 dire flail
Armour
 b - a +0 animal skin (worn)
 s - a +0 cloak (worn)
Magical Staves
 a - an uncursed staff of poison {unknown}
Jewellery
 B - a ring of protection from fire (left claw)
 I - an uncursed ring of positive energy
 K - an uncursed ring of magical power
 R - a ring of protection from cold (right claw)
Wands
 m - a wand of polymorph (12/24)
 x - a wand of digging (10/24)
 C - a wand of flame (30/48)
 E - a wand of polymorph (7/24)
 M - a wand of flame (32/48)
 Q - a wand of paralysis (7/24)
Scrolls
 d - 4 scrolls of remove curse {unknown}
 e - 2 scrolls of random uselessness {unknown}
 f - 2 scrolls of immolation {unknown}
 j - a scroll of recharging {unknown}
 l - 12 scrolls of identify {unknown}
 q - 3 scrolls of teleportation {unknown}
 r - a scroll of magic mapping
 u - 3 scrolls of enchant armour {unknown}
 A - a scroll of fear {unknown}
 D - a scroll of noise {unknown}
 L - a scroll of blinking {unknown}
 P - 2 scrolls of fog {unknown}
 S - a scroll of silence {unknown}
Potions
 g - a potion of degeneration {unknown}
 h - 3 potions of heal wounds {unknown}
 i - 3 potions of cancellation
 k - 3 potions of lignification {unknown}
 o - 2 potions of curing
 p - a potion of might {unknown}
 t - 2 potions of mutation {unknown}
 v - 2 potions of berserk rage {unknown}
 z - a potion of haste {unknown}
 H - a potion of cure mutation {unknown}
Comestibles
 c - 5 bread rations
 n - 3 meat rations
 w - 2 fruits
 F - a royal jelly
 J - 2 chunks of flesh
 N - 2 beef jerkies


   Skills:
 + Level 2.5 Fighting
 - Level 14.5 Maces & Flails
 + Level 0.5 Throwing
 + Level 2.6 Dodging


You had 9 spell levels left.
You didn't know any spells.

Dungeon Overview and Level Annotations

Branches:
Dungeon (9/15)             Temple (0/1) D:7
   Lair: D:8-11         Orc: D:9-12

Altars:
Ashenzari
Cheibriados
Dithmenos
Gozag
Kikubaaqudgha
Makhleb
Qazlal
Ru
Sif Muna
Trog
Vehumet
Yredelemnul

Annotations:
D:9 Erolcha


Innate Abilities, Weirdness & Mutations

You are too large for most types of armour.
You have claws for hands.
Your metabolism is lightning-fast.
You like to eat raw meat.
Your natural rate of healing is unusually fast.
You are covered in fur. (AC +1)
You have very tough skin. (AC +2)


Message History

Your magical effects are unravelling.
You feel magically purged.
You feel yourself speed up. The yak gores you but does no damage.
The crocodile misses you. The two-headed ogre barely misses you.
The two-headed ogre hits you with a giant club!
It was a potion of curing.
You feel better. The crocodile bites you! The yak barely misses you.
The two-headed ogre hits you with a giant club!
The two-headed ogre hits you with a giant club!!
Your two-headed ogre goes berserk!
You feel quite a bit less full. Erolcha misses you.
The crocodile barely misses you. The yak gores you!
* * * LOW HITPOINT WARNING * * *
You fail to use your ability.
The two-headed ogre misses you. x2
The crocodile bites you!
* * * LOW HITPOINT WARNING * * *
Erolcha casts a spell.
Erolcha blinks!
The yak gores you!
You die...

...........
#########+#+##
...........
#............#
...........
..#............#
......<...
#####.#............'
......#
#...#.#............#
Y.....#
#...#.#............#
####..#
.#..#...#.#............#
...'Y.#
'..#...#.#.......>....#
...#..#
##..#Y@O#.#####'########
...#.Y#
#...#§tO#...............
####..#
#..§#YY.#...............
......#
#...Y...#..............
#.....####
#...#...#.####.........
#........###...##'##.#
#.........
#........(...((.)....#
#.........
#############.....O..#
#.....)... #........#
#........


You could see a two-headed ogre, Erolcha, 4 yaks, a crocodile and a friendly
two-headed ogre (berserk).

Vanquished Creatures
  2 two-headed ogres
  Pikel (D:9)
  A troll (D:8)
  The ghost of HarleyQuinn the Skirmisher, an amateur DsFi (D:3)
  Prince Ribbit (D:6)
  Sigmund (D:5)
  A hungry ghost (D:7)
  Menkaure (D:5)
  Edmund (D:5)
  Duvessa (D:4)
  2 orc warriors (D:7)
  3 ice beasts
  A slave (D:9)
  4 phantoms
  2 sky beasts
  2 ogres (D:8)
  4 centaurs
  A crocodile (D:9)
  Blork the orc (D:5)
  2 bullfrogs
  Dowan (D:4)
  4 scorpions
  A water moccasin skeleton (D:8)
  The ghost of towersofbeng the Skirmisher, a weakling HuWn (D:4)
  2 howler monkeys
  3 crimson imps
  A bullfrog zombie (D:7)
  8 hounds
  3 centaur zombies
  2 orc priests
  A centaur skeleton (D:6)
  3 jellies
  9 orc wizards
  Crazy Yiuf (D:2)
  A bullfrog skeleton (D:7)
  Terence (D:3)
  2 iguanas
  4 worker ants
  3 hound skeletons
  A hound zombie (D:7)
  4 gnolls
  11 adders
  A shadow imp (D:6)
  2 oozes
  2 adder zombies
  An adder skeleton (D:4)
  4 worms
  3 dart slugs
  6 leopard geckos
  23 orcs
  A ball python (D:4)
  9 bats
  6 giant cockroaches
  8 goblins
  5 hobgoblins
  16 jackals
  4 kobolds (D:1)
  7 quokkas
  A frilled lizard (D:3)
  A leopard gecko skeleton (D:4)
  A quokka skeleton (D:7)
  13 rats
  2 fungi (D:2)
216 creatures vanquished.

Vanquished Creatures (others)
  A slave (D:9)
  3 orc wizards (D:9)
  An orc (D:9)
5 creatures vanquished.

Grand Total: 221 creatures vanquished

Notes
Turn   | Place    | Note
-------+----------+-------------------------------------------
     0 | D:1      | HarleyQuinn the Troll Berserker began the quest for the Orb.
     0 | D:1      | Reached XP level 1. HP: 22/22 MP: 0/0
   119 | D:1      | Reached skill level 3 in Maces & Flails
   157 | D:1      | Reached XP level 2. HP: 29/29 MP: 1/1
   299 | D:1      | Reached XP level 3. HP: 36/36 MP: 2/2
   391 | D:1      | Reached skill level 4 in Maces & Flails
   626 | D:1      | Reached ** piety under Trog
   825 | D:2      | Found a basalt altar of Yredelemnul.
   939 | D:2      | Reached XP level 4. HP: 43/44 MP: 3/3
  1827 | D:2      | Found a runed door.
  1831 | D:2      | Noticed Crazy Yiuf
  1835 | D:2      | Killed Crazy Yiuf
  1835 | D:2      | Reached skill level 5 in Maces & Flails
  1920 | D:2      | Reached XP level 5. HP: 44/50 MP: 4/4
  1947 | D:3      | Noticed HarleyQuinn's ghost (amateur DsFi)
  1958 | D:3      | Killed HarleyQuinn's ghost
  1958 | D:3      | Reached skill level 6 in Maces & Flails
  1958 | D:3      | Reached XP level 6. HP: 59/59 MP: 5/5
  2016 | D:3      | Found a radiant altar of Vehumet.
  2210 | D:3      | Reached *** piety under Trog
  2249 | D:3      | Found an opulent altar of Gozag.
  2258 | D:3      | Reached skill level 7 in Maces & Flails
  2397 | D:3      | Noticed Terence
  2408 | D:3      | Killed Terence
  2600 | D:4      | Reached XP level 7. HP: 58/66 MP: 6/6
  2787 | D:4      | Noticed Dowan
  2788 | D:4      | Noticed Duvessa
  2798 | D:4      | Killed Duvessa
  2804 | D:4      | Killed Dowan
  2804 | D:4      | Reached skill level 8 in Maces & Flails
  2915 | D:4      | Noticed towersofbeng's ghost (weakling HuWn)
  2936 | D:4      | Killed towersofbeng's ghost
  3156 | D:4      | Found a deep blue altar of Sif Muna.
  3517 | D:5      | Entered Level 5 of the Dungeon
  3525 | D:5      | Noticed Blork the orc
  3532 | D:5      | Killed Blork the orc
  3703 | D:5      | Reached skill level 9 in Maces & Flails
  3703 | D:5      | Reached XP level 8. HP: 73/74 MP: 7/7
  3776 | D:5      | Reached **** piety under Trog
  3922 | D:5      | Noticed Sigmund
  3923 | D:5      | Found a burning altar of Makhleb.
  3994 | D:5      | Killed Sigmund
  4043 | D:5      | Reached skill level 10 in Maces & Flails
  4230 | D:5      | Found a stormy altar of Qazlal.
  4237 | D:5      | Found an ancient bone altar of Kikubaaqudgha.
  4247 | D:5      | Found a snail-covered altar of Cheibriados.
  4325 | D:5      | Noticed Edmund
  4333 | D:5      | Killed Edmund
  4762 | D:5      | Noticed Menkaure
  4768 | D:5      | Killed Menkaure
  5044 | D:6      | Found a sacrificial altar of Ru.
  5172 | D:6      | Reached skill level 11 in Maces & Flails
  5176 | D:6      | Reached XP level 9. HP: 72/80 MP: 8/8
  5361 | D:6      | Noticed Prince Ribbit
  5374 | D:6      | Killed Prince Ribbit
  5480 | D:6      | Noticed a moth of wrath
  5483 | D:6      | Found a bloodstained altar of Trog.
  5922 | D:7      | Reached skill level 12 in Maces & Flails
  6306 | D:7      | Found a shattered altar of Ashenzari.
  6411 | D:7      | Noticed a two-headed ogre
  6421 | D:7      | Killed a two-headed ogre
  6433 | D:7      | Reached skill level 13 in Maces & Flails
  6832 | D:7      | Found a shadowy altar of Dithmenos.
  6984 | D:7      | Reached XP level 10. HP: 78/88 MP: 9/9
  7334 | D:7      | Found a staircase to the Ecumenical Temple.
  7636 | D:8      | Reached ***** piety under Trog
  8559 | D:9      | Noticed a two-headed ogre
  8560 | D:9      | Noticed Pikel
  8579 | D:9      | Killed a two-headed ogre
  8579 | D:9      | Reached skill level 14 in Maces & Flails
  8581 | D:9      | Killed Pikel
  8780 | D:9      | Noticed a two-headed ogre
  8792 | D:9      | Noticed Erolcha
  8803 | D:9      | Slain by a yak

Vault maps used:
D:1:      minmay_arrival_wavy_path
D:2:      lemuel_coloured_pillars_altar, uniq_crazy_yiuf_cottage
D:3:      lemuel_crystal_altar, vehumet_crystals, uniq_terence
D:4:      lemuel_blue_sif_altar, uniq_duvessa
D:5:      grunt_temple_overflow_open, first_bread,
          corexii_item_surrounded_by_moat, grunt_qazlal_sundering,
          uniq_menkaure, uniq_sigmund, uniq_edmund, uniq_blork_the_orc
D:6:      tgw_trog, kennysheep_mini_moat, serial_undead, serial_undead_c,
          serial_undead_a, serial_undead_e, serial_undead_c, uniq_prince_ribbit1
D:7:      nicolae_ashenzari_panopticon, old_standard_altar
D:9:      minmay_lair_entry_grove, uniq_pikel, uniq_erolcha

Skill      XL: |  1  2  3  4  5  6  7  8  9 10 |
---------------+-------------------------------+-----
Maces & Flails | 3 4 5 6 7 9 11 13 14 | 14.5
Fighting       | |  2.5
Throwing       | |  0.5
Dodging        | |  2.6

Action                   |  1- 3 |  4- 6 |  7- 9 | 10-12 || total
-------------------------+-------+-------+-------+-------++-------
Melee: Mace              |   107 |   168 |    86 |       ||   361
       Morningstar       |       |       |    81 |       ||    81
       Flail             |       |       |   232 |   161 ||   393
       Unarmed           |       |       |    11 |       ||    11
Invok: Berserk           |       |     5 |    11 |     3 ||    19
       Burn Spellbooks   |       |       |       |     1 ||     1
       Brothers in Arms  |       |       |       |     1 ||     1
  Use: Scroll            |       |       |     1 |       ||     1
       Potion            |       |       |       |     2 ||     2
  Eat: Chunk             |    14 |    20 |    46 |    28 ||   108
       Pizza             |       |       |     2 |       ||     2
       Royal jelly       |       |       |     1 |       ||     1
Armor: Animal skin       |    43 |    57 |    99 |    44 ||   243
Dodge: Dodged            |    70 |    72 |   220 |    90 ||   452
